 Dungeon Crawl Stone Soup version 0.29.1-15-g9cfb28693d (webtiles) character file.

Game seed: 15971841201679217359

52495 protoss039 the Fighter (level 14, -27/116 HPs)
             Began as a Demonspawn Earth Elementalist on Mar 21, 2023.
             Was a High Priest of Vehumet.
             Killed from afar by Frances (31 damage)
             ... with a shard of ice
             ... on level 12 of the Dungeon.
             The game lasted 00:53:33 (15547 turns).

protoss039 the Fighter (DsEE)                      Turns: 15547, Time: 00:53:35

Health: -27/116    AC: 15    Str:  8    XL:     14   Next: 27%
Magic:  9/26       EV: 16    Int: 28    God:    Vehumet [*****.]
Gold:   1348       SH:  5    Dex: 14    Spells: 8/30 levels left

rFire   . . .      SeeInvis .   G - +0 dagger (venom)
rCold   . . .      Faith    .   w - +0 buckler
rNeg    . . .      Spirit   .   v - +2 robe {Will+}
rPois   .          Reflect  .   j - +0 helmet
rElec   .          Harm     .   X - +0 cloak
rCorr   .          Rampage  .   (no gloves)
Will    ++...                   A - +1 pair of boots
Stlth   ++........              H - amulet of magic regeneration
HPRegen 0.29/turn               Q - +4 ring of evasion
MPRegen 0.60/turn               U - +6 ring of intelligence

@: sanguine armoured
A: powered by death 2, sanguine armour 1, demonic magic 1, weakness stinger 2
a: Renounce Religion


You were on level 12 of the Dungeon.
You worshipped Vehumet.
Vehumet was extremely pleased with you.
You visited 2 branches of the dungeon, and saw 13 of its levels.
You also visited: Bailey, Gauntlet and Ice Cave.

You collected 1720 gold pieces.
You spent 372 gold pieces at shops.

Inventory:

Hand Weapons
 G - a +0 dagger of venom (weapon)
 T - the +1 spear "Fytrud" {antimagic, Will+ Int+2 SInv}
   (You found it on level 9 of the Dungeon)

   It reduces the magical energy of the wielder, and disrupts the spells and
   magical abilities of those it strikes.
   Natural abilities and divine invocations are not affected.
   Int:       It affects your intelligence (+2).
   SInv:      It lets you see invisible.
   Will:      It increases your willpower.
Armour
 j - a +0 helmet (worn)
 v - a +2 robe of willpower (worn)
 w - a +0 buckler (worn)
 A - a +1 pair of boots (worn)
 C - a +3 leather armour of fire resistance
 L - a +2 ring mail of poison resistance
 X - a +0 cloak (worn)
Magical Staves
 P - a staff of fire
Jewellery
 f - an amulet of regeneration
 H - an amulet of magic regeneration (around neck)
 M - a +6 ring of strength
 N - a ring of protection from fire
 Q - a +4 ring of evasion (left hand)
 S - a ring of protection from cold
 U - a +6 ring of intelligence (right hand)
Wands
 i - a wand of polymorph (4)
 y - a wand of flame (21)
 K - a wand of digging (3)
Scrolls
 d - 5 scrolls of enchant armour
 e - 2 scrolls of noise {unknown}
 h - 2 scrolls of torment {unknown}
 k - 8 scrolls of fog
 l - a scroll of blinking {unknown}
 n - 4 scrolls of magic mapping
 p - 4 scrolls of summoning
 q - 5 scrolls of teleportation
 s - 2 scrolls of brand weapon
 t - 3 scrolls of enchant weapon
 u - 6 scrolls of amnesia
 x - a scroll of fear {unknown}
 B - a scroll of poison {unknown}
 F - a scroll of identify
 I - 3 scrolls of immolation {unknown}
 Y - 2 scrolls of silence {unknown}
Potions
 a - a potion of resistance {unknown}
 b - a potion of magic
 c - 2 potions of heal wounds
 g - 3 potions of mutation
 m - 2 potions of flight
 o - 5 potions of curing
 r - 2 potions of brilliance
 z - 2 potions of degeneration {unknown}
 D - 3 potions of invisibility
 E - 4 potions of lignification {unknown}
 J - a potion of cancellation {unknown}
 O - a potion of ambrosia {unknown}
 W - a potion of haste
 Z - a potion of might {unknown}


   Skills:
 * Level 12.4 Fighting
 + Level 7.7 Armour
 - Level 3.0 Dodging
 - Level 3.0 Stealth
 * Level 3.4 Shields
 + Level 8.6 Spellcasting
 + Level 10.1 Conjurations
 - Level 3.0 Transmutations
 - Level 3.0 Fire Magic
 - Level 3.0 Air Magic
 + Level 9.0 Earth Magic
 - Level 3.0 Poison Magic
 - Level 3.0 Evocations


You had 8 spell levels left.
You knew the following spells:

 Your Spells              Type           Power      Damage    Failure   Level
a - Sandblast             Erth           100%       2d20      1%          1
b - Passwall              Tmut/Erth      37%        N/A       1%          2
c - Stone Arrow           Conj/Erth      100%       3d13      1%          3
d - Lee's Rapid Deconstr  Erth           29%        3d16*     1%          5
e - Static Discharge      Conj/Air       48%        3-9/arc   1%          2
f - Wereblood             Tmut           28%        N/A       2%          2
g - Olgreb's Toxic Radia  Pois           28%        N/A       5%          4
h - Ignite Poison         Fire/Tmut/Pois 28%        N/A       1%          3

Your spell library contained the following spells:

 Spells                   Type           Power      Damage    Failure   Level
 Freeze                   Ice            48%        1d7       1%          1
 Magic Dart               Conj           100%       1d8       1%          1
 Searing Ray              Conj           100%       2d8       1%          2
 Fulminant Prism          Conj/Hex       20%        3d13      2%          4
 Hailstorm                Conj/Ice       40%        3d10      2%          4
 Frozen Ramparts          Ice            24%        1d4       5%          3
 Spider Form              Tmut/Pois      28%        N/A       5%          3
 Petrify                  Tmut/Erth      45%        N/A       5%          4
 Necrotise                Necr           48%        1d6       6%          1
 Summon Small Mammal      Summ           48%        N/A       6%          1
 Ensorcelled Hibernation  Hex/Ice        24%        N/A       10%         2
 Sublimation of Blood     Necr           12%        N/A       10%         2
 Leda's Liquefaction      Hex/Erth       18%        N/A       10%         4
 Call Canine Familiar     Summ           12%        N/A       19%         3
 Gell's Gravitas          Tloc           12%        N/A       19%         3
 Lesser Beckoning         Tloc           12%        N/A       19%         3
 Summon Guardian Golem    Hex/Summ       12%        N/A       19%         3
 Teleport Other           Tloc           12%        N/A       19%         3
 Vampiric Draining        Necr           12%        2d6       19%         3
 Anguish                  Hex/Necr       6%         N/A       52%         4
 Statue Form              Tmut/Erth      30%        N/A       63%         6
 Agony                    Necr           12%        N/A       86%         5
 Summon Hydra             Summ           6%         N/A       100%        7


Dungeon Overview and Level Annotations

Branches:
Dungeon (12/15) Zot: 26174  Temple (1/1) D:6 Zot: 5897    Lair (0/5) D:8
    Orc (0/2) D:9          Bailey (visited)           IceCv (visited)
Gauntlet (visited)

Altars:
Ashenzari
Cheibriados
Dithmenos
Fedhas
Gozag
Hepliaklqana
Kikubaaqudgha
Makhleb
Nemelex Xobeh
Okawaru
Qazlal
Ru
Sif Muna
Trog
Uskayaw
Vehumet
Wu Jian
Xom
Yredelemnul

Shops:
D:2 *

Annotations:
D:7 3 runed translucent doors, yegreS's ghost, novice MeEE
D:11 1 runed translucent door, ponobo's ghost, journeyman GnFE
D:12 Frances


Innate Abilities, Weirdness & Mutations

You regenerate health from kills.
When seriously injured, your blood forms armour. (AC +6)
Spells you cast may paralyse adjacent enemies.
You have a tail ending in a sharp stinger.


Message History

Press: ? - help, Shift-Dir - straight line, f/p - Frances
Aim: Frances, wielding a +0 hand axe of electrocution and wearing a +0 chain mail (moderately wounded, fast, 84% to hit)
The stone arrow hits Frances!
Frances is moderately wounded.
Malevolent energies surge around you.
Casting: Stone Arrow (safe; 1% risk of failure)
Confirm with . or Enter, or press ? or * to list all spells.
Aiming: Stone Arrow (safe; 1% risk of failure)
Press: ? - help, Shift-Dir - straight line, f/p - Frances
Aim: Frances, wielding a +0 hand axe of electrocution and wearing a +0 chain mail (moderately wounded, fast, 84% to hit)
The stone arrow hits Frances!!
Frances is heavily wounded.
Malevolent energies surge around you.
Frances whispers indecipherable words.
The iron shot hits you!!
Casting: Stone Arrow (safe; 1% risk of failure)
Confirm with . or Enter, or press ? or * to list all spells.
Aiming: Stone Arrow (safe; 1% risk of failure)
Press: ? - help, Shift-Dir - straight line, f/p - Frances
Aim: Frances, wielding a +0 hand axe of electrocution and wearing a +0 chain mail (heavily wounded, fast, 84% to hit)
The stone arrow hits Frances!
Frances is severely wounded.
Malevolent energies surge around you.
Frances hits you with a +0 hand axe of electrocution!
* * * LOW HITPOINT WARNING * * *
Casting: Stone Arrow (safe; 1% risk of failure)
Confirm with . or Enter, or press ? or * to list all spells.
Aiming: Stone Arrow (safe; 1% risk of failure)
Press: ? - help, Shift-Dir - straight line, f/p - Frances
Aim: Frances, wielding a +0 hand axe of electrocution and wearing a +0 chain mail (severely wounded, fast, 84% to hit)
The stone arrow hits Frances!
Frances is severely wounded.
Malevolent energies surge around you.
Frances hits you with a +0 hand axe of electrocution!
* * * LOW HITPOINT WARNING * * *
You are electrocuted!
* * * LOW HITPOINT WARNING * * *
Frances whispers indecipherable words.
The shard of ice hits you!!
You die...

...(# #.# #.......# ....# #.#
#.......# ....# #.# #.......#
....# ####.########.......#
....#########...........'.......'
....'.........##.########.......#
....############.# ##'######
##†## #.# #.# ...# #@# #.# .###
#@# #.### #### #.# #...# ...# #.#
###.## .<.# #.# #..## ...# #.#
##..# ...# #.# ##.# ...# #.# #.#
.### #.##


You could see Frances (fast).

Vanquished Creatures
  A minotaur (Gauntlet)
  3 hydras (D:11)
  2 boulder beetles (D:9)
  3 two-headed ogres
  A tengu warrior (Gauntlet)
  Urug (D:10)
  Amaemon (D:8)
  A fire crab (shapeshifter) (D:11)
  An ugly thing (D:9)
  2 manticores
  2 cyclopes
  A gargoyle (D:10)
  2 ice statues (IceCv)
  An orange demon (D:8)
  3 kobold demonologists
  A komodo dragon (D:9)
  A minotaur zombie (Gauntlet)
  4 anaconda simulacra (IceCv)
  An unseen horror (D:11)
  7 ice devils (IceCv)
  2 tengu conjurers (Gauntlet)
  3 trolls
  A tyrant leech (Gauntlet)
  2 polar bears (D:10)
  Grinder (D:6)
  3 slime creatures (D:12)
  Prince Ribbit (D:5)
  2 hornets
  A shadow (D:9)
  3 flying skulls (Gauntlet)
  A wraith (D:9)
  2 yaks
  A dire elephant simulacrum (IceCv)
  A wyvern (D:9)
  Eustachio (D:5)
  8 vampire mosquitoes
  Edmund (D:5)
  2 steam dragons
  2 acid dragons
  3 harpy simulacra (IceCv)
  4 swamp worms (Gauntlet)
  2 water moccasins
  2 hydra simulacra (IceCv)
  2 ice beasts
  4 black bears
  A sky beast (D:8)
  15 orc warriors
  An ogre (D:5)
  A phantom (D:6)
  19 centaurs
  8 bullfrogs
  28 kobold brigands
  Blork the orc (D:4)
  2 necrophages
  A two-headed ogre simulacrum (IceCv)
  4 scorpions
  4 wights
  26 killer bees
  2 howler monkeys
  4 crimson imps (D:9)
  5 hounds
  2 jellies (D:7)
  3 orc priests
  3 gnoll boudas
  6 iguanas
  14 orc wizards
  A polar bear simulacrum (IceCv)
  A spriggan simulacrum (IceCv)
  17 gnolls
  18 adders
  A naga simulacrum (IceCv)
  4 white imps
  2 ufetubi
  4 worms
  2 dart slugs
  50 orcs
  7 bats
  12 endoplasms
  4 giant cockroaches
  10 goblins
  4 hobgoblins (D:1)
  2 jackals (D:1)
  2 quokkas
  8 ball pythons
  3 frilled lizards
  16 kobolds
  6 rats
418 creatures vanquished.

Vanquished Creatures (others)
  A hound (D:6)
  A bush (D:7)
  5 fungi (D:8)
  11 plants
18 creatures vanquished.

Grand Total: 436 creatures vanquished

Notes
Turn   | Place    | Note
-------+----------+-------------------------------------------
     0 | D:1      | protoss039 the Demonspawn Earth Elementalist began the
                  | quest for the Orb.
     0 | D:1      | Reached XP level 1. HP: 13/13 MP: 3/3
    99 | D:1      | Reached skill level 1 in Transmutations
   390 | D:1      | Gained mutation: You regenerate a little health from kills.
                  | [demonic ancestry]
   390 | D:1      | Reached XP level 2. HP: 12/19 MP: 1/5
   518 | D:1      | Found a faded altar of an unknown god.
   979 | D:1      | Learned a level 2 spell: Passwall
  1136 | D:1      | Gained mutation: Spells you cast may paralyse adjacent
                  | enemies. [demonic ancestry]
  1136 | D:1      | Reached XP level 3. HP: 24/24 MP: 3/6
  1600 | D:2      | Found Zolem's Assorted Antiques.
  1998 | D:2      | Gained mutation: You regenerate health from kills. [demonic
                  | ancestry]
  1998 | D:2      | Reached XP level 4. HP: 28/30 MP: 5/7
  2549 | D:2      | Bought a scroll labelled VOHUS MUOMAER for 30 gold pieces
  2549 | D:2      | Bought a scroll labelled BEC BALEFEYRE for 30 gold pieces
  2549 | D:2      | Bought a scroll labelled TATHRU WUZULI for 30 gold pieces
  2549 | D:2      | Bought a sedimented golden potion for 27 gold pieces
  2566 | D:2      | Learned a level 3 spell: Stone Arrow
  2720 | D:3      | Reached XP level 5. HP: 35/35 MP: 7/9
  2836 | D:3      | Found a shimmering blue altar of Sif Muna.
  3452 | D:3      | Reached skill level 1 in Conjurations
  3484 | D:3      | Reached skill level 1 in Fighting
  3484 | D:3      | Gained mutation: When seriously injured, your blood forms
                  | armour. (AC +6) [demonic ancestry]
  3484 | D:3      | Reached XP level 6. HP: 43/43 MP: 0/10
  3929 | D:3      | Found a blossoming altar of Fedhas.
  4123 | D:4      | Noticed Blork the orc
  4129 | D:4      | Killed Blork the orc
  4130 | D:4      | Reached skill level 1 in Armour
  4469 | D:4      | Found a large runed translucent door.
  4470 | D:4      | Found a large runed translucent door.
  4504 | D:4      | Found an ancient bone altar of Kikubaaqudgha.
  4510 | D:4      | Found a broken altar of Ashenzari.
  4571 | D:4      | Reached skill level 2 in Fighting
  4571 | D:4      | Gained mutation: You have a small tail. [demonic ancestry]
  4571 | D:4      | Reached XP level 7. HP: 50/50 MP: 7/11
  4817 | D:5      | Entered Level 5 of the Dungeon
  4857 | D:5      | HP: 1/50 [ogre/+0 giant spiked club (25)]
  5148 | D:5      | Noticed Eustachio
  5163 | D:5      | Killed Eustachio
  5164 | D:5      | Reached skill level 3 in Fighting
  5314 | D:5      | Reached XP level 8. HP: 58/58 MP: 11/13
  5466 | D:5      | Noticed Edmund
  5468 | D:5      | Noticed Prince Ribbit
  5509 | D:5      | Killed Edmund
  5673 | D:5      | Killed Prince Ribbit
  5734 | D:5      | Reached skill level 4 in Fighting
  6427 | D:6      | Reached skill level 5 in Conjurations
  6427 | D:6      | Reached XP level 9. HP: 67/67 MP: 11/15
  6488 | D:6      | Noticed Grinder
  6496 | D:6      | Killed Grinder
  6497 | D:6      | Reached skill level 5 in Fighting
  6708 | D:6      | Reached skill level 5 in Earth Magic
  6731 | D:6      | Reached skill level 5 in Armour
  6814 | D:6      | Found a burning altar of Makhleb.
  7035 | D:6      | Found a staircase to the Ecumenical Temple.
  7058 | Temple   | Entered the Ecumenical Temple
  7145 | Temple   | Became a worshipper of Vehumet
  7188 | D:6      | Found a snail-covered altar of Cheibriados.
  7283 | D:6      | Found a basalt altar of Yredelemnul.
  7418 | D:6      | Reached skill level 6 in Fighting
  7823 | D:7      | Reached skill level 5 in Spellcasting
  8064 | D:7      | Found a runed translucent gate.
  8071 | D:7      | Reached XP level 10. HP: 77/77 MP: 13/17
  8072 | D:7      | Reached * piety under Vehumet
  8072 | D:7      | Offered knowledge of Foxfire by Vehumet.
  8089 | D:7      | Found a runed translucent gate.
  8091 | D:7      | Found a runed translucent gate.
  8092 | D:7      | Noticed yegreS's ghost (novice MeEE)
  8281 | D:7      | Found a hazy altar of Hepliaklqana.
  8550 | D:7      | Learned a level 2 spell: Wereblood
  8632 | D:8      | Reached skill level 1 in Evocations
  8675 | D:8      | Noticed Amaemon
  8675 | D:8      | Noticed an orange demon
  8683 | D:8      | Killed Amaemon
  8684 | D:8      | Reached skill level 7 in Fighting
  8685 | D:8      | Killed an orange demon
  9233 | D:8      | Found a staircase to the Lair.
  9613 | D:9      | Noticed a cyclops
  9613 | D:9      | Noticed a two-headed ogre
  9656 | D:9      | Reached skill level 8 in Fighting
  9736 | D:9      | Noticed a white ugly thing
  9749 | D:9      | Killed a white ugly thing
  9763 | D:9      | Noticed a boulder beetle
  9767 | D:9      | Reached ** piety under Vehumet
  9767 | D:9      | Offered knowledge of Scorch by Vehumet.
  9777 | D:9      | Killed a boulder beetle
  9778 | D:9      | Gained mutation: You have a tail ending in a sharp stinger.
                  | [demonic ancestry]
  9778 | D:9      | Reached XP level 11. HP: 66/87 MP: 13/20
  9830 | D:9      | Killed a two-headed ogre
  9931 | D:9      | Noticed a boulder beetle
  9936 | D:9      | Reached skill level 9 in Fighting
  9947 | D:9      | Killed a boulder beetle
  9987 | D:9      | Found a flagged portal.
  9993 | D:9      | Identified the +1 spear "Fytrud" {antimagic, Will+ Int+2
                  | SInv}
  9997 | Bailey   | Entered a bailey
 10115 | Bailey   | Offered knowledge of Static Discharge by Vehumet.
 10162 | Bailey   | Learned a level 2 spell: Static Discharge
 10282 | Bailey   | Reached *** piety under Vehumet
 10283 | Bailey   | Reached skill level 1 in Air Magic
 10991 | D:9      | Found a staircase to the Orcish Mines.
 11053 | D:9      | Found a shimmering altar of Xom.
 11129 | D:10     | Entered Level 10 of the Dungeon
 11131 | D:10     | Offered knowledge of Ignite Poison by Vehumet.
 11136 | D:10     | Learned a level 3 spell: Ignite Poison
 11256 | D:10     | Noticed a +0 falchion
 11256 | D:10     | Noticed a +0 dagger
 11257 | D:10     | Noticed a +0 dagger
 11257 | D:10     | Noticed a +0 falchion
 11257 | D:10     | Noticed a +0 spear
 11259 | D:10     | Noticed a +0 short sword
 11265 | D:10     | Found an iron altar of Okawaru.
 11318 | D:10     | Noticed a +0 spear
 11318 | D:10     | Noticed a +0 short sword
 11365 | D:10     | Reached skill level 10 in Fighting
 11378 | D:10     | Noticed a two-headed ogre
 11383 | D:10     | Killed a two-headed ogre
 11482 | D:10     | Noticed Urug
 11642 | D:10     | Learned a level 5 spell: Lee's Rapid Deconstruction
 11712 | D:10     | Killed Urug
 11816 | D:10     | Found a bloodstained altar of Trog.
 11824 | D:10     | Reached XP level 12. HP: 97/97 MP: 13/22
 11860 | D:10     | Reached **** piety under Vehumet
 11908 | D:10     | Offered knowledge of Dazzling Flash by Vehumet.
 11937 | D:10     | Found a hide-covered altar of Uskayaw.
 12136 | D:11     | Noticed a four-headed hydra
 12141 | D:11     | Killed a four-headed hydra
 12142 | D:11     | Reached skill level 1 in Fire Magic
 12142 | D:11     | Reached skill level 1 in Poison Magic
 12315 | D:11     | Found a frozen archway.
 12336 | IceCv    | Entered an ice cave
 13001 | IceCv    | Reached skill level 11 in Fighting
 13071 | IceCv    | Noticed a reaper
 13208 | D:11     | Noticed an eight-headed hydra
 13212 | D:11     | Killed an eight-headed hydra
 13240 | D:11     | Noticed a six-headed hydra
 13246 | D:11     | Killed a six-headed hydra
 13368 | D:11     | Reached ***** piety under Vehumet
 13407 | D:11     | Offered knowledge of Olgreb's Toxic Radiance by Vehumet.
 13516 | D:11     | Found a runed translucent door.
 13516 | D:11     | Noticed ponobo's ghost (journeyman GnFE)
 13794 | D:2      | Bought a scorched war axe for 255 gold pieces
 13794 | D:2      | Identified the +0 war axe of Bloodstone {vorpal, Will-
                  | Int+6} (You bought it in a shop on level 2 of the Dungeon)
 13799 | D:2      | Learned a level 4 spell: Olgreb's Toxic Radiance
 13969 | D:10     | Identified the +5 shortbow of Famine {venom, Contam Int+4}
 14571 | D:12     | Reached XP level 13. HP: 85/106 MP: 6/25
 14773 | D:12     | Found a gate leading to a gauntlet.
 14806 | Gauntlet | Entered a Gauntlet
 14806 | Gauntlet | Found a transporter.
 14806 | Gauntlet | Found a transporter.
 14818 | Gauntlet | Found a transporter.
 14832 | Gauntlet | Found a large runed translucent door.
 14833 | Gauntlet | Found a large runed translucent door.
 14834 | Gauntlet | Found a large runed translucent door.
 14834 | Gauntlet | Found a large runed translucent door.
 14834 | Gauntlet | Found a large runed translucent door.
 14834 | Gauntlet | Found a large runed translucent door.
 14834 | Gauntlet | Found a large runed translucent door.
 14834 | Gauntlet | Found a large runed translucent door.
 14835 | Gauntlet | Found a runed translucent door.
 14835 | Gauntlet | Found a runed translucent gate.
 14836 | Gauntlet | Found a runed translucent gate.
 14836 | Gauntlet | Found a transporter.
 14836 | Gauntlet | Found a transporter.
 14836 | Gauntlet | Found a transporter.
 14838 | Gauntlet | Found a transporter.
 14838 | Gauntlet | Found a transporter.
 14850 | Gauntlet | Found a transporter.
 14865 | Gauntlet | Found a runed translucent door.
 14866 | Gauntlet | Found a transporter.
 14867 | Gauntlet | Found a runed translucent door.
 14876 | Gauntlet | Found a transporter.
 14893 | Gauntlet | Found a transporter.
 14905 | Gauntlet | Found a large runed translucent door.
 14906 | Gauntlet | Found a large runed translucent door.
 14907 | Gauntlet | Found a large runed translucent door.
 14907 | Gauntlet | Found a large runed translucent door.
 14907 | Gauntlet | Found a large runed translucent door.
 14907 | Gauntlet | Found a large runed translucent door.
 14908 | Gauntlet | Found a runed translucent gate.
 14908 | Gauntlet | Found a large runed translucent door.
 14908 | Gauntlet | Found a runed translucent door.
 14908 | Gauntlet | Found a large runed translucent door.
 14913 | Gauntlet | Found a transporter.
 14925 | Gauntlet | Found a transporter.
 15043 | Gauntlet | Reached skill level 1 in Shields
 15054 | Gauntlet | Reached skill level 12 in Fighting
 15054 | Gauntlet | Reached skill level 10 in Conjurations
 15054 | Gauntlet | Reached XP level 14. HP: 116/116 MP: 26/26
 15086 | Gauntlet | Identified the +3 leather armour "Ymayvuxi" {-Tele rF+
                  | rCorr Dex+4}
 15539 | D:12     | Noticed Frances
 15547 | D:12     | HP: 4/116 [Frances/+0 hand axe of electrocution (13)]
 15547 | D:12     | Killed from afar by Frances

Illustrated notes

Levels and vault maps discovered:
D:1:      roderic_dead_forest, layout_basic,
          ebering_ecumenical_altar_sacrificial
D:2:      layout_loops_ring, serial_shops, nicolae_shop_overgrown_old_shop,
          minivault_4
D:3:      layout_basic, mainiacjoe_overflow_alcove_4, mainiacjoe_overflow_paths,
          minmay_misc_feat_rows
D:4:      layout_rooms, jmf_multi_god_temple2, minmay_cut_off,
          uniq_blork_the_orc
D:5:      layout_basic, lemuel_doored_altar, uniq_eustachio,
          uniq_prince_ribbit1, uniq_edmund
D:6:      minmay_polygon_palace, layout_rooms, amcnicky_altar_gilded,
          mainiacjoe_overflow_surrounded_room,
          gammafunk_temple_overflow_elements, minmay_temple_entry_mini_moons,
          minmay_fractal_squares_gapless_5, uniq_grinder
D:7:      layout_basic, worldfamousw_hep_ancestral_shrine,
          biasface_ghost_orc_armoury, kb_lookout_dungeons_type,
          kennysheep_generic_room_7
D:8:      layout_cave_pools, grunt_lair_entry_orc_guard_hut, uniq_amaemon
D:9:      hangedman_cross_cluster, layout_rooms, led_xom_imps, enter_bailey_2,
          chequers_hall_statues_y, dreamdust_wishing_well
D:10:     minmay_weird_star, layout_irregular_city, trog_ov_bears_minmay,
          nicolae_uskayaw_en_pointe, mainiacjoe_overflow_24_doors,
          chequers_serial_rivers_micro_e, serial_park_tiny_pond, uniq_urug
D:11:     layout_roguey [special_room_kobold], portal_ice_cave_entry_pillars_2,
          hellmonk_ghost_happy_afterlife
D:12:     layout_roguey, gauntlet_entry_generic, uniq_frances
Temple:   hellmonk_temple_of_storms

Skill      XL: |  1  2  3  4  5  6  7  8  9 10 11 12 13 14 |
---------------+-------------------------------------------+-----
Transmutations | 1 2 3 |  3.0
Stealth        | 2 3 |  3.0
Dodging        | 2 3 |  3.0
Earth Magic    | 3 4 5 6 7 8 9 |  9.0
Conjurations   | 1 2 3 5 6 7 8 9 10 | 10.1
Spellcasting   | 3 4 5 6 7 8 |  8.6
Fighting       | 1 2 3 4 6 8 10 11 12 | 12.4
Armour         | 1 2 4 5 6 7 |  7.7
Evocations     | 3 |  3.0
Air Magic      | 3 |  3.0
Fire Magic     | 3 |  3.0
Poison Magic   | 3 |  3.0
Shields        | 3 |  3.4

Action                   |  1- 3 |  4- 6 |  7- 9 | 10-12 | 13-15 || total
-------------------------+-------+-------+-------+-------+-------++-------
Melee: Short sword       |    19 |       |       |       |       ||    19
       Unarmed           |     1 |       |       |       |       ||     1
       Dagger            |     8 |    29 |    69 |   140 |    23 ||   269
       Tailslap          |       |       |     7 |    42 |     9 ||    58
       Staff             |       |       |     4 |     4 |       ||     8
       Punch             |       |       |       |     3 |     1 ||     4
 Cast: Sandblast         |    58 |   104 |   126 |   170 |    25 ||   483
       Stone Arrow       |       |       |    44 |   292 |    38 ||   374
       Passwall          |       |       |     1 |     5 |       ||     6
       Wereblood         |       |       |       |     4 |     2 ||     6
       Olgreb's Toxic Ra |       |       |       |     3 |       ||     3
       Lee's Rapid Decon |       |       |       |     2 |     2 ||     4
       Ignite Poison     |       |       |       |     1 |       ||     1
Evoke: Wand              |       |       |     1 |    13 |     2 ||    16
  Use: Scroll            |       |     5 |     4 |     8 |     1 ||    18
       Potion            |       |       |     3 |     3 |     1 ||     7
 Stab: Paralysed         |     3 |    16 |    42 |    52 |    19 ||   132
       Sleeping          |     1 |     1 |     1 |     2 |       ||     5
Armor: Robe              |     3 |     4 |    11 |    37 |    16 ||    71
       Leather armour    |     8 |     4 |    23 |    39 |       ||    74
       Ring mail         |       |    20 |       |    47 |       ||    67
Dodge: Dodged            |    54 |    41 |   136 |   330 |    42 ||   603
Block: Buckler           |       |       |       |       |     3 ||     3
